 Dungeon Crawl Stone Soup version 0.31-a0-486-g8d68a81214 (webtiles) character file.

Game seed: 8926997347688987348

1247 MisterAzrael the Ruffian (level 8, -3/53 HPs)
             Began as a Grey Draconian Shapeshifter on Aug 7, 2023.
             Was a Follower of Sif Muna.
             Killed from afar by a steam dragon (19 damage)
             ... with a ball of steam
             ... on level 5 of the Dungeon.
             The game lasted 00:08:12 (5178 turns).

MisterAzrael the Ruffian (DrSh)                     Turns: 5178, Time: 00:08:13

Health: -3/53      AC: 11    Str: 19    XL:     8   Next: 25%
Magic:  13/15      EV: 12    Int:  8    God:    Sif Muna [*.....]
Gold:   211        SH:  0    Dex: 19    Spells: 13/17 levels left

rFire   . .          .
                       - Unarmed
rCold   + . .        (no shield)
rNeg    . . .        (body armour unavailable)
rPois   .            (helmet currently unavailable)
rElec   .            (cloak currently unavailable)
rCorr   .            (gloves currently unavailable)
SInv    +            (boots currently unavailable)
Will    .....        (no amulet)
Stlth   ++           g - ring of protection from cold
HPRegen 0.28/turn    s - +6 ring of dexterity
MPRegen 0.14/turn

%: no passive effects
@: beast-form
A: beast (slay +3), AC +11, amphibious, unfitting armour, cold-blooded, horns 1,
talons 1, see invisible, frail 1
a: Begin Untransformation, Renounce Religion, Channel Magic


You were on level 5 of the Dungeon.
You worshipped Sif Muna.
Sif Muna was aware of your devotion.
You were a hulking beast.
You visited 1 branch of the dungeon, and saw 6 of its levels.

You collected 211 gold pieces.

Inventory:

Missiles
 q - 10 poisoned darts
Magical Staves
 o - a staff of air
Jewellery
 g - a ring of protection from cold (left hand)
 p - a ring of protection from cold
 s - a +6 ring of dexterity (right hand)
Talismans
 b - a beast talisman (active)
Scrolls
 c - 2 scrolls of vulnerability
 e - a scroll of enchant weapon {unknown}
 f - a scroll of fear
 k - 2 scrolls of teleportation
 n - 2 scrolls of poison {unknown}
 r - a scroll of fog {unknown}
 u - a scroll of immolation {unknown}
Potions
 a - 3 potions of lignification
 d - 2 potions of curing
 i - a potion of might
 t - 2 potions of attraction {unknown}


   Skills:
 - Level 1.1 Fighting
 - Level 1.7 Dodging
 + Level 5.4 Unarmed Combat
 * Level 5.0 Spellcasting
 - Level 2.1 Conjurations
 * Level 3.3 Air Magic
 + Level 4.8 Shapeshifting


You had 13 spell levels left.
You knew the following spells:

 Your Spells              Type           Power      Damage    Failure   Level
a - Shock                 Conj/Air       24%        1d4       9%          1
b - Swiftness             Air            7%         N/A       21%         3

Your spell library contained the following spells:

 Spells                   Type           Power      Damage    Failure   Level
 Apportation              Tloc           4%         N/A       26%         1
 Freeze                   Ice            8%         1d3       26%         1
 Ensorcelled Hibernation  Hex/Ice        4%         N/A       36%         2
 Passwall                 Tmut/Erth      1%         N/A       36%         2
 Hailstorm                Conj/Ice       3%         3d3       45%         3
 Airstrike                Air            3%         2d(1-17)  56%         4
 Frozen Ramparts          Ice            4%         1d1       61%         3
 Alistair's Intoxication  Tmut/Pois      1%         N/A       100%        5


Dungeon Overview and Level Annotations

Branches:
Dungeon (6/15)             Temple (0/1) D:5

Altars:
Okawaru
Qazlal
Sif Muna


Innate Abilities, Weirdness & Mutations

You are a hulking beast.
Your limbs bulge with bestial killing power. (Slay +3)
Your dull iron-grey scales are very hard. (AC +11)
You are amphibious.
You cannot fit into any form of body armour.
You are cold-blooded and may be slowed by cold attacks.
You have a pair of small horns on your head.
You have sharp toenails.
You have supernaturally acute eyesight. (SInv)
You are frail. (-10% HP)


Message History

The ogre shouts!
There is a stone staircase leading up here.
The zap misses the ogre.
The zap hits the steam dragon.
The steam dragon is lightly wounded.
The zap hits the ogre.
The ogre is lightly wounded.
The zap hits the steam dragon.
The steam dragon is lightly wounded.
The zap hits the ogre.
The ogre is lightly wounded.
The zap hits the steam dragon.
The steam dragon is lightly wounded.
You barely miss the ogre. You claw the ogre.
The ogre is moderately wounded.
You hit the ogre. You claw the ogre. You headbutt the ogre.
The ogre is severely wounded.
The ogre hits you with a +0 giant club!
You hit the ogre. You claw the ogre.
The ogre is almost dead.
The steam dragon bites you.
The steam dragon claws you but does no damage.
The ogre hits you with a +0 giant club!
You hit the ogre but do no damage. You claw the ogre.
You kill the ogre!
Sif Muna accepts your kill. The steam dragon breathes steam at you.
The ball of steam hits you!
Your Spellcasting skill increases to level 5!
You are engulfed in a cloud of scalding steam.
* * * LOW HITPOINT WARNING * * *
The steam dragon closely misses you.
The steam dragon claws you but does no damage.
You climb upwards.
There is a stone staircase leading down here.
You see here a +0 mace.
The steam dragon attacks as you move away!
The steam dragon misses you. The steam dragon barely misses you.
The steam dragon breathes steam at you. The ball of steam hits you!!
You die...

##### #...# ############
#...####
###..........####......##
#........................
#.........[#####......#
.#..........# ####....
#.......[....# ##....
###.....h§D)>#######..8.8
#....................⌠.
.............[.......8.>
.##..........#.........⌠.
..........###........8.8
#####.##................
#. ##.###.........##
##.###...[........>##
#........###.........


You could see a steam dragon (catching breath).

Vanquished Creatures
  Sigmund (D:3)
  A water moccasin (D:5)
  A sky beast (D:3)
  4 ogres
  2 scorpions (D:4)
  3 orc priests
  3 hounds
  2 iguanas (D:5)
  An orc wizard (D:3)
  6 adders
  A white imp (D:5)
  3 dart slugs
  13 orcs
  3 ball pythons
  9 endoplasms
  5 giant cockroaches
  6 goblins
  6 hobgoblins (D:1)
  4 jackals (D:4)
  9 kobolds
  5 quokkas
  2 bats
  5 frilled lizards
  5 rats (D:1)
100 creatures vanquished.

Vanquished Creatures (others)
  An orc wizard (D:6)
1 creature vanquished.

Grand Total: 101 creatures vanquished

Notes
Turn   | Place    | Note
-------+----------+-------------------------------------------
     0 | D:1      | MisterAzrael the Draconian Shapeshifter began the quest for
                  | the Orb.
     0 | D:1      | Reached XP level 1. HP: 16/16 MP: 1/1
   221 | D:1      | Reached XP level 2. HP: 23/23 MP: 2/2
  1127 | D:2      | Reached XP level 3. HP: 27/28 MP: 3/3
  1158 | D:2      | Found a shimmering blue altar of Sif Muna.
  1223 | D:2      | Became a worshipper of Sif Muna the Loreminder
  1320 | D:2      | Found a faded altar of an unknown god.
  1439 | D:2      | Learned a level 1 spell: Shock
  1635 | D:2      | Reached skill level 1 in Spellcasting
  1759 | D:2      | Reached XP level 4. HP: 35/35 MP: 5/5
  1915 | D:3      | Found an iron altar of Okawaru.
  2283 | D:3      | Noticed Sigmund
  2305 | D:3      | Killed Sigmund
  2306 | D:3      | Reached skill level 1 in Conjurations
  2306 | D:3      | Reached XP level 5. HP: 15/40 MP: 2/9
  2306 | D:3      | Reached XP level 6. HP: 17/47 MP: 2/10
  2451 | D:3      | Learned a level 3 spell: Swiftness
  2464 | D:3      | Found a stormy altar of Qazlal.
  2464 | D:3      | Noticed a sky beast
  2484 | D:3      | Reached * piety under Sif Muna
  2489 | D:3      | Killed a sky beast
  3044 | D:4      | Reached skill level 1 in Air Magic
  3601 | D:5      | Entered Level 5 of the Dungeon
  3856 | D:5      | Your scales start taking on a dull iron-grey colour.
  3856 | D:5      | Reached XP level 7. HP: 49/52 MP: 4/12
  4132 | D:4      | Reached skill level 5 in Unarmed Combat
  4406 | D:4      | Gained mutation: You are frail. (-10% HP) [potion of
                  | mutation]
  4406 | D:4      | Gained mutation: You have a pair of small horns on your
                  | head. [potion of mutation]
  4406 | D:4      | Gained mutation: You have supernaturally acute eyesight.
                  | (SInv) [potion of mutation]
  4406 | D:4      | Gained mutation: You have sharp toenails. [potion of
                  | mutation]
  4561 | D:5      | Reached XP level 8. HP: 50/53 MP: 13/15
  4605 | D:5      | Found a staircase to the Ecumenical Temple.
  4683 | D:5      | HP: 1/53 [steam dragon/ball of steam (13)]
  5173 | D:6      | Reached skill level 5 in Spellcasting
  5178 | D:5      | Killed from afar by a steam dragon

Illustrated notes

Levels and vault maps discovered:
D:1:      sevenhm_arrival_forest_fort_large_2, layout_loops_ring,
          minmay_misc_feat_rows, hex_tiny, minmay_cut_off
D:2:      layout_loops_cross, basic_altar, ebering_ecumenical_altar_box,
          dk_noncrumbling_2
D:3:      layout_loops_cross, kennysheep_okawaru_gauntlet,
          nicolae_qazlal_beasts_of_the_sky, uniq_sigmund
D:4:      layout_rooms
D:5:      layout_rooms, minmay_temple_entry_statues_fountains, minivault_26
D:6:      kennysheep_steamy, layout_loops_ring, nicolae_titane

Skill      XL: |  1  2  3  4  5  6  7  8 |
---------------+-------------------------+-----
Spellcasting   | 1 2 3 4 5 |  5.0
Unarmed Combat | 4 5 |  5.4
Conjurations   | 1 2 |  2.1
Shapeshifting  | 4 |  4.8
Air Magic      | 1 2 3 |  3.3
Fighting       | |  1.1
Dodging        | |  1.7

Action                     |  1- 3 |  4- 6 |  7- 9 || total
---------------------------+-------+-------+-------++-------
  Melee: Unarmed           |    98 |    75 |    77 ||   250
         Tailslap          |    13 |     4 |    11 ||    28
         Staff             |       |    10 |       ||    10
         Punch             |       |     2 |     2 ||     4
         Kick              |       |       |    20 ||    20
         Headbutt          |       |       |     6 ||     6
   Cast: Shock             |       |    71 |    18 ||    89
         Swiftness         |       |       |     1 ||     1
    Use: Potion            |     1 |     3 |     8 ||    12
         Scroll            |       |       |     4 ||     4
   Stab: Sleeping          |       |       |     2 ||     2
 Armour: Skin              |    20 |    57 |    33 ||   110
  Dodge: Dodged            |    47 |    66 |    75 ||   188

Table legend: (Time is in decaauts)
 A = Elapsed time spent in this place.
 B = Non-inter-level travel time spent in this place.
 C = Inter-level travel time spent in this place.
 D = Time resting spent in this place.
 E = Time spent auto-exploring this place.
 F = Levels seen in this place.
 G = Mean time per level.
                   A        B        C        D        E       F      G
               +--------+--------+--------+--------+--------+-----+--------+
         Total |   5115 |   5026 |     89 |   1227 |   2933 |   6 |  852.5 |
       Dungeon |   5115 |   5026 |     89 |   1227 |   2933 |   6 |  852.5 |
               +--------+--------+--------+--------+--------+-----+--------+

Top non-repeatable levels by time:
     D:4: 1146 daAuts
     D:3: 1136 daAuts
     D:2: 1000 daAuts
     D:5: 936 daAuts
     D:1: 824 daAuts
     D:6: 71 daAuts
